 Dungeon Crawl Stone Soup version 0.25.1-2-g60ff931df9 (webtiles) character file.

Game seed: 14393598594075877002

18 zeroc00l the Conjurer (level 2, -1/15 HPs)
             Began as a Deep Elf Conjurer on Oct 6, 2020.
             Slain by Natasha (6 damage)
             ... on level 1 of the Dungeon.
             The game lasted 00:02:22 (675 turns).

zeroc00l the Conjurer (Deep Elf Conjurer)            Turns: 675, Time: 00:02:22

Health: -1/15      AC:  4    Str:  5    XL:     2   Next: 51%
Magic:  3/8        EV: 12    Int: 19    God:
Gold:   73         SH:  0    Dex: 15    Spells: 5/8 levels left

rFire    . . .     SeeInvis .   f - +0 dagger (curse)
rCold    . . .     Gourm    .   (no shield)
rNeg     . . .     Faith    .   e - +0 leather armour
rPois    .         Spirit   .   (no helmet)
rElec    .         Reflect  .   d - +0 cloak
rCorr    .         Harm     .   (no gloves)
MR       .....                  (no boots)
Stlth    ++........             (no amulet)
HPRegen  0.05/turn              (no ring)
MPRegen  0.11/turn              (no ring)

@: very slightly contaminated
A: no striking features
a: no special abilities


You were on level 1 of the Dungeon.
You were not hungry.

You visited 1 branch of the dungeon, and saw 2 of its levels.

You collected 73 gold pieces.

Inventory:

Hand Weapons
 a - a +0 whip
 f - a cursed +0 dagger (weapon)
Armour
 d - a +0 cloak (worn)
 e - a +0 leather armour (worn)
Comestibles
 b - 2 chunks of flesh
 c - 2 rations


   Skills:
 + Level 3.0 Dodging
 - Level 2.4 Stealth
 + Level 3.5 Spellcasting
 + Level 4.7 Conjurations


You had 5 spell levels left.
You knew the following spells:

 Your Spells              Type           Power        Failure   Level  Hunger
a - Magic Dart            Conj           ###.         3%          1    None
b - Searing Ray           Conj           ###...       5%          2    ##.....

Your spell library contained the following spells:

 Spells                   Type           Power        Failure   Level  Hunger
 Dazzling Flash           Conj/Hex       ##....       28%         3    ###....
 Fulminant Prism          Conj/Hex       ##........   67%         4    ####...
 Iskenderun's Mystic Bla  Conj/Tloc      ##......     67%         4    ####...


Dungeon Overview and Level Annotations

Branches:
Dungeon (2/15)

Altars:

Annotations:
D:1 Natasha


Message History

Casting: Magic Dart (safe; 3% risk of failure)
Confirm with . or Enter, or press ? or * to list all spells.
Aiming: Magic Dart (safe; 3% risk of failure)
Press: ? - help, Shift-Dir - straight line, f - Natasha
Aim: Natasha (heavily wounded)
You miscast Magic Dart.
You are very lightly contaminated with residual magic.
Nothing appears to happen.
Natasha stares at you and mumbles some strange words.
The magic dart hits you.
* * * LOW HITPOINT WARNING * * *
Casting: Magic Dart (safe; 3% risk of failure)
Confirm with . or Enter, or press ? or * to list all spells.
Aiming: Magic Dart (safe; 3% risk of failure)
Press: ? - help, Shift-Dir - straight line, f/p - Natasha
Aim: Natasha (heavily wounded)
The magic dart hits Natasha.
Natasha is severely wounded.
Natasha claws you.
You die...

#..## ##.[...............# #..#
##..###..#####...........# #.###
##.....#.....#..........# #.###
##...#.......#.........# #.##.
#..#....<....#........###.#..
##..#.......#................
#######..#.....#..............##.
.>........#####...........###.##.
.......##.......@.........# #....
.......######....h.......## ####.
...(...# ##...........# #.
.......# ###..#####..# #.
.......# ##.#####..##### #.
.รท.....# ##............###.
.......# ###..#...######....#
##.##### ####...####.[...#####..
#.# ###....##########..####.#


You could see Natasha.

Vanquished Creatures
  2 bats (D:1)
  2 giant cockroaches
  2 goblins
  2 hobgoblins (D:1)
  4 kobolds
  A quokka (D:1)
  A frilled lizard (D:1)
  A rat (D:1)
15 creatures vanquished.

Notes
Turn   | Place    | Note
-------+----------+-------------------------------------------
     0 | D:1      | zeroc00l the Deep Elf Conjurer began the quest for the Orb.
     0 | D:1      | Reached XP level 1. HP: 10/10 MP: 6/6
   222 | D:1      | Reached XP level 2. HP: 15/15 MP: 1/8
   476 | D:1      | Learned a level 2 spell: Searing Ray
   630 | D:2      | Noticed Natasha
   638 | D:2      | Noticed a crimson imp
   660 | D:2      | Noticed a crimson imp
   675 | D:1      | Slain by Natasha

Illustrated notes

Levels and vault maps discovered:
D:1:      scummos_arrival_hexagon, layout_rooms
D:2:      layout_basic, uniq_terence, uniq_natasha, uniq_sigmund, uniq_jessica

Skill      XL: |  1  2 |
---------------+-------+-----
Dodging        | 3 |  3.0
Stealth        | |  2.4
Spellcasting   | |  3.5
Conjurations   | |  4.7

Action                   || total
-------------------------++-------
 Cast: Magic Dart        ||    39
  Use: Potion            ||     1
Armor: Leather armour    ||     4
Dodge: Dodged            ||    17
